 Dungeon Crawl Stone Soup version 0.20.1-1-g8b1a95d (webtiles) character file.

126 letownia2 the Grave Robber (level 4, 0/36 HPs)
             Began as a Deep Dwarf Necromancer on Nov 28, 2017.
             Slain by Grinder (4 damage)
             ... while paralysed by Grinder
             ... on level 4 of the Dungeon.
             The game lasted 00:05:42 (1201 turns).

letownia2 the Grave Robber (Deep Dwarf Necromancer) Turns: 1201, Time: 00:05:43

Health: 0/36       AC:  5    Str: 11    XL:     4   Next: 84%
Magic:  8/8        EV:  2    Int: 17    God:
Gold:   81         SH:  0    Dex: 13    Spells: 5/9 levels left

rFire    . . .     SeeInvis .   (no weapon)
rCold    . . .     Gourm    .   (no shield)
rNeg     . . .     Faith    .   g - +0 ring mail
rPois    .         Spirit   .   (no helmet)
rElec    .         Reflect  .   (no cloak)
rCorr    .         Harm     .   (no gloves)
MR       .....                  (no boots)
Stlth    +.........             (no amulet)
Regen    0.0/turn               (no ring)
MPRegen  0.2/turn               (no ring)

@: paralysed, non-regenerating
A: damage resistance, heal wounds, sense surroundings 1, no regeneration
a: Heal Wounds


You were on level 4 of the Dungeon.
You were not hungry.

You visited 1 branch of the dungeon, and saw 5 of its levels.

You collected 81 gold pieces.

Inventory:

Armour
 g - a +0 ring mail (worn)
 l - the +10 plate armour "Valul" {rElec, unknown}
   (You found it on level 5 of the Dungeon)

   It insulates you from electricity.
Wands
 e - a wand of iceblast (7/15)
Scrolls
 a - a scroll of teleportation {unknown}
 d - a scroll of enchant armour {unknown}
 f - a scroll of fear {unknown}
Potions
 h - a potion of curing {unknown}
 i - a potion of degeneration {unknown}
Books
 b - a book of Necromancy

   Spells                             Type                      Level
   a - Pain                           Necromancy                   1
   b - Animate Skeleton               Necromancy                   1
   c - Vampiric Draining              Necromancy                   3
   d - Regeneration                   Charms/Necromancy            3
   e - Animate Dead                   Necromancy                   4
   f - Control Undead                 Necromancy                   4
Comestibles
 c - 2 bread rations
 k - a meat ration
 m - a royal jelly


   Skills:
 - Level 2.1 Dodging
 - Level 2.4 Stealth
 + Level 3.3 Spellcasting
 + Level 5.7 Necromancy


You had 5 spell levels left.
You knew the following spells:

 Your Spells              Type           Power        Failure   Level  Hunger
a - Pain                  Necr           ###.         4%          1    None
v - Vampiric Draining     Necr           ###.......   12%         3    ###....


Dungeon Overview and Level Annotations

Branches:
Dungeon (5/15)
 Temple: D:4-7

Altars:

Shops:
D:4 (

Annotations:
D:4 Grinder


Innate Abilities, Weirdness & Mutations

You are resistant to damage.
You can heal yourself by infusing magical energy.
You passively map a small area around you.
You do not regenerate.


Message History

You now have 81 gold pieces (gained 14).
You enter a teleport trap!
The teleport trap disappears.
Your surroundings suddenly seem different.
Eating a chunk of flesh.
You eat the chunk of flesh.
This raw flesh tastes terrible.
Magic restored.
There is an escape hatch in the ceiling here.
Grinder barely misses you.
Grinder is nearby!
Grinder barely misses you.
There is an escape hatch in the ceiling here.
Grinder gestures at you.
You suddenly lose the ability to move!
Grinder gestures at you. Pain shoots through your body!
* * * LOW HITPOINT WARNING * * *
Grinder blinks!
Grinder hits you but does no damage. Grinder hits you.
You writhe in agony.
You die...

*
#....∩§.#.#.#.#<#.#
#######.#..<#.#.#.#
* * #.#.#>#.#.#.# ,
,* #.#.#.#.#.#.# ,,
#.#.#.#.#.#.# ,,
#.#.#.#.#.#.# , ,
#(#.#.#.#.#.# ,,
#####.#...#.#.#.# ,
#.....###.#@#...#
,#....(.....5#####
, , #..##########**
, #..# , , , #..# *
, * * #..####.#
#.......# * ,
#.####### #.#


You could see Grinder.

Vanquished Creatures
  A scorpion (D:4)
  A worker ant (D:3)
  4 adders
  2 leopard geckos
  An orc (D:3)
  2 bats (D:3)
  3 giant cockroaches
  A quokka (D:3)
  A frilled lizard (D:1)
  2 rats
18 creatures vanquished.

Vanquished Creatures (others)
  A goblin (D:3)
1 creature vanquished.

Grand Total: 19 creatures vanquished

Notes
Turn   | Place    | Note
-------+----------+-------------------------------------------
     0 | D:1      | letownia2 the Deep Dwarf Necromancer began the quest for the Orb.
     0 | D:1      | Reached XP level 1. HP: 15/15 MP: 3/3
   227 | D:4      | Noticed a worker ant
   229 | D:4      | Reached XP level 2. HP: 14/22 MP: 3/5
   231 | D:5      | Entered Level 5 of the Dungeon
   236 | D:5      | Noticed a crimson imp
   261 | D:5      | Noticed an ogre
   283 | D:4      | Noticed Grinder
   295 | D:3      | Reached skill level 5 in Necromancy
   295 | D:3      | Reached XP level 3. HP: 4/28 MP: 0/6
   300 | D:3      | Learned a level 3 spell: Vampiric Draining
   305 | D:3      | Noticed a phantom
   814 | D:4      | Found Qenniho's Antique Weapon Emporium.
   851 | D:4      | Noticed a scorpion
   896 | D:4      | Killed a scorpion
   896 | D:4      | Reached XP level 4. HP: 25/36 MP: 0/8
  1035 | D:5      | Got a citrine-studded plate armour
  1195 | D:4      | Paralysed by Grinder for 7 turns
  1201 | D:4      | Slain by Grinder

Skill      XL: |  1  2  3 |
---------------+----------+-----
Spellcasting   | 2 3 |  3.3
Necromancy     | 5 |  5.7
Dodging        | |  2.1
Stealth        | |  2.4

Action                   |  1- 3 |  4- 6 || total
-------------------------+-------+-------++-------
Melee: Unarmed           |    33 |       ||    33
 Cast: Pain              |    25 |     4 ||    29
       Vampiric Draining |     9 |     2 ||    11
  Eat: Chunk             |     1 |     2 ||     3
Armor: Robe              |    14 |       ||    14
       Ring mail         |    40 |     1 ||    41
Dodge: Dodged            |    97 |     8 ||   105
